Map: Abyssal Reef LE

Players

Vlign - Winner!

  • Race: Terran Terran
  • League: Diamond
  • Spawn Location: 5:00

A.I. 1 (Elite)

  • Race: Zerg Zerg
  • Spawn Location: 11:00

VOD

Have the link to the VOD?

Description

Time

  • Played on: July 4, 2018, 7:20 p.m.
  • Length: 13:20
Show
View Real Time Build Order
Export as new Build Order

Vlign Terran - Winner!

Build Orders: MMM Bio 

Get SALT Encoding   

  12  0:01  SCV  
  13  0:13  SCV  
  14  0:18  Supply Depot  
  14  0:25  SCV  
  15  0:40  SCV  
  16  0:44  Barracks  
  16  0:46  Refinery  
  16  0:52  SCV  
  17  1:04  SCV  
  18  1:16  SCV  
  19  1:28  SCV  
  19  1:32  Reaper  
  21  1:40  Orbital Command  
  21  1:47  Command Center  
  21  1:57  Barracks  
  21  2:05  Barracks Reactor  
  21  2:10  SCV  
  22  2:23  SCV  
  22  2:26  Refinery  
  22  2:29  Engineering Bay  
  23  2:47  Barracks Tech Lab  
  23  2:51  Supply Depot  
  23  2:57  Factory  
  23  2:59  SCV  
  23  3:00  Orbital Command  
  23  3:02  Marine x2  
  26  3:05  Terran Infantry Weapons Level 1  
  26  3:08  Marine  
  26  3:11  SCV  
  28  3:22  Marine x2  
  28  3:23  SCV  
  28  3:26  Marine  
  32  3:28  SCV  
  32  3:33  Stimpack  
  33  3:35  SCV  
  33  3:40  SCV, Marine x2  
  37  3:44  Cyclone  
  41  3:48  SCV  
  41  3:51  Supply Depot  
  41  3:53  Marine  
  42  3:58  SCV  
  42  4:00  Marine x2  
  45  4:03  SCV  
  46  4:13  Marine  
  46  4:15  Supply Depot, SCV  
  46  4:16  Cyclone  
  51  4:19  Supply Depot  
  51  4:20  Marine x2  
  53  4:28  SCV  
  53  4:29  Barracks  
  54  4:37  SCV, Marine  
  56  4:42  Supply Depot  
  56  4:44  Marine x2  
  58  4:48  Cyclone  
  58  4:51  SCV  
  58  4:52  SCV  
  63  4:56  Starport  
  63  4:58  Marine  
  64  5:00  Terran Infantry Armor Level 1  
  64  5:02  Marine x2  
  67  5:14  SCV x2  
  67  5:20  Refinery  
  68  5:23  Command Center  
  68  5:26  SCV  
  68  5:27  SCV  
  70  5:33  Marine x2  
  70  5:34  Barracks Reactor  
  70  5:35  Factory Tech Lab, Medivac  
  74  5:40  SCV  
  74  5:41  SCV  
  74  5:42  Supply Depot  
  76  5:43  Supply Depot  
  76  5:46  Refinery, Marine  
  77  5:53  SCV  
  69  6:17  Marine x4  
  71  6:26  Barracks  
  71  6:27  Siege Tank, Combat Shields, Marine, Barracks x2  
  71  6:28  Barracks  
  71  6:29  Starport Reactor  
  71  6:59  Marine x3  
  71  7:01  Siege Tank  
  77  7:04  Orbital Command  
  77  7:07  Command Center  
  79  7:10  Armory  
  79  7:13  Engineering Bay  
  79  7:14  Marine  
  81  7:16  Barracks Reactor x2  
  81  7:17  Barracks Tech Lab  
  81  7:19  Medivac x2  
  81  7:20  Barracks Reactor  
  81  7:22  Orbital Command, Marine  
  80  7:23  Marine x3  
  84  7:32  SCV  
  84  7:34  SCV  
  86  7:42  Marine  
  86  7:43  Cyclone  
  90  7:44  SCV  
  90  7:45  Marine x2  
  90  7:46  Marine x2  
  90  7:49  Medivac x2, Marauder  
  100  7:52  SCV  
  100  7:56  SCV x2  
  103  8:04  SCV, Marine x5  
  109  8:10  Terran Infantry Weapons Level 2  
  109  8:18  Marine x3  
  109  8:19  Marine x2, Marauder x2  
  118  8:25  Marine x5  
  118  8:27  SCV  
  118  8:33  Supply Depot, Orbital Command  
  118  8:38  Supply Depot  
  118  8:41  SCV x2, Marine x2  
  118  8:42  Marine x4  
  118  8:55  Terran Infantry Armor Level 2, Marine x5, Medivac  
  118  8:59  Siege Tank  
  118  9:00  Marauder  
  118  9:03  Supply Depot x2  
  118  9:05  Supply Depot  
  118  9:06  SCV  
  118  9:07  SCV  
  118  9:08  SCV  
  118  9:10  SCV  
  118  9:24  SCV x2, Marine x3  
  118  9:25  Starport  
  118  9:26  Marine, Factory  
  118  9:31  Marine, Medivac  
  118  9:32  Marine x3  
  118  9:35  Marauder  
  118  9:41  Supply Depot x2  
  118  9:43  Supply Depot  
  118  9:47  Siege Tank  
  118  9:51  Marine x5  
  118  9:52  Marine  
  118  9:56  Marine  
  118  10:02  Medivac, Marauder  
  118  10:05  Marine x4  
  118  10:09  Marine x2  
  118  10:11  Marine  
  118  10:12  Marine  
  118  10:18  Factory Tech Lab  
  118  10:19  Siege Tank  
  118  10:22  Refinery  
  118  10:23  Refinery  
  118  10:25  SCV x3  
  118  10:27  Orbital Command  
  118  10:30  Marine x4  
  118  10:31  Marine x2  
  118  10:36  Terran Vehicle Weapons Level 1  
  118  11:22  Starport Reactor  
  118  11:40  Refinery  
  118  11:42  Refinery  
  118  11:47  SCV  
  118  11:48  Marine x2  
Show
View Real Time Build Order
Export as new Build Order

A.I. 1 (Elite) Zerg 

Build Orders: Pool First 

Get SALT Encoding   

  12  0:00  Drone  
  13  0:12  Overlord  
  13  0:16  Drone  
  14  0:30  Drone x2  
  14  0:34  Drone  
  17  0:47  Spawning Pool  
  17  0:49  Drone  
  17  1:12  Hatchery  
  17  1:14  Drone  
  17  1:17  Extractor  
  16  1:19  Drone  
  16  1:23  Extractor  
  16  1:25  Drone  
  17  1:29  Drone  
  18  1:38  Drone  
  19  1:49  Overlord  
  19  1:57  Queen  
  21  2:03  Zergling x2  
  22  2:10  Drone  
  23  2:25  Queen  
  25  2:31  Drone  
  25  2:36  Zergling x2  
  26  2:41  Drone  
  27  2:44  Drone  
  27  2:49  Drone  
  29  3:05  Drone, Roach Warren  
  29  3:09  Drone  
  29  3:12  Zergling x2  
  31  3:16  Zergling x2  
  32  3:21  Overlord  
  32  3:26  Drone  
  33  3:29  Drone  
  34  3:46  Roach x2  
  34  3:47  Roach x2  
  42  3:54  Lair  
  42  3:59  Overlord  
  42  4:05  Overlord  
  42  4:07  Zergling x2  
  43  4:10  Zergling x2  
  44  4:17  Drone x2, Zergling x2  
  44  4:20  Drone  
  44  4:22  Drone  
  49  4:24  Drone  
  49  4:29  Overlord  
  50  4:34  Roach  
  50  4:37  Roach  
  54  4:40  Roach  
  54  4:44  Roach  
  58  4:48  Overlord  
  58  4:53  Drone  
  58  4:55  Hydralisk Den  
  58  4:56  Drone  
  58  4:58  Drone  
  60  5:01  Roach  
  62  5:07  Drone  
  62  5:09  Drone  
  62  5:12  Drone  
  62  5:13  Drone  
  66  5:17  Overlord  
  66  5:20  Drone  
  68  5:21  Drone  
  68  5:23  Hydralisk, Drone  
  68  5:27  Hydralisk  
  73  5:29  Drone  
  73  5:31  Drone  
  73  5:33  Drone  
  77  5:35  Drone  
  77  5:39  Drone, Overlord  
  77  5:41  Drone  
  79  5:43  Drone  
  79  5:47  Infestation Pit  
  79  5:51  Drone  
  79  5:53  Roach  
  79  5:55  Zergling x2  
  76  5:57  Roach  
  76  5:59  Hydralisk  
  76  6:02  Zergling x2  
  76  6:04  Roach  
  60  6:07  Roach  
  60  6:10  Roach  
  59  6:14  Roach  
  44  6:19  Zergling x2  
  44  6:23  Zergling x2  
  44  6:25  Infestor  
  34  6:45  Zergling x2  
  31  6:48  Zergling x2  
  27  7:01  Queen, Drone, Roach  
Tags
 
Composition
MMM Bio
League
Diamond
Matchup
TvZ
Opening
Pool First
Replay Pack
replaypack1
Spawn Locations
Cross Positions
Add a new tag
Caveats
  • Supply blocks, unpowered buildings, or Contaminate may cause inaccurate times.
  • Supply counts are checked every 10 seconds.